 Dungeon Crawl Stone Soup version 0.30-a0-1008-g30c9307041 (webtiles) character file.

Game seed: 15178286078296558831

21 gelatine the Stinger (level 2, -1/20 HPs)
             Began as a Demonspawn Venom Mage on Apr 5, 2023.
             Slain by a rat (2 damage)
             ... on level 2 of the Dungeon.
             The game lasted 00:02:20 (788 turns).

gelatine the Stinger (Demonspawn Venom Mage)         Turns: 788, Time: 00:02:20

Health: -1/20      AC:  3    Str:  8    XL:     2   Next: 65%
Magic:  2/5        EV: 12    Int: 16    God:
Gold:   59         SH:  0    Dex: 13    Spells: 2/5 levels left

rFire   . . .      SeeInvis .    d - +0 hand axe
rCold   . . .      Faith    .    (no shield)
rNeg    . . .      Spirit   .    a - +0 robe
rPois   .          Reflect  .    (no helmet)
rElec   .          Rampage  .    g - +0 cloak
rCorr   .                        (no gloves)
Will    .....                    (no boots)
Stlth   ++                       (no amulet)
HPRegen 0.23/turn                (no ring)
MPRegen 0.09/turn                (no ring)

@: lethally poisoned (-1 -> -2), attractive
A: powered by death 1
a: no special abilities


You were on level 2 of the Dungeon.
You visited 1 branch of the dungeon, and saw 2 of its levels.

You collected 59 gold pieces.

Inventory:

Hand Weapons
 d - a +0 hand axe (weapon)
Armour
 a - a +0 robe (worn)
 g - a +0 cloak (worn)
Scrolls
 c - 2 scrolls of identify {unknown}
 f - a scroll of blinking {unknown}
Potions
 b - a potion of magic


   Skills:
 * Level 0.3 Fighting
 + Level 0.2 Axes
 * Level 1.9 Dodging
 + Level 1.9 Stealth
 + Level 2.1 Spellcasting
 + Level 1.0 Transmutations
 * Level 3.5 Poison Magic


You had 2 spell levels left.
You knew the following spells:

 Your Spells              Type           Power      Damage    Failure   Level
a - Sting                 Tmut/Pois      32%        1d4       9%          1
b - Poisonous Vapours     Pois/Air       14%        N/A       16%         2

Your spell library contained the following spells:

 Spells                   Type           Power      Damage    Failure   Level
 Mephitic Cloud           Conj/Pois/Air  5%         N/A       36%         3
 Olgreb's Toxic Radiance  Pois           12%        N/A       43%         4


Dungeon Overview and Level Annotations

Branches:
Dungeon (2/15)

Altars:


Innate Abilities, Weirdness & Mutations

You regenerate a little health from kills.


Message History

The adder bites you but does no damage.
You closely miss the adder. The adder bites you.
A rat comes into view.
You miss the adder. The adder closely misses you. The adder barely misses you.
You hit the adder.
The adder is heavily wounded.
The adder bites you. x2
You closely miss the adder.
The adder is heavily wounded.
The adder misses you. The adder bites you but does no damage.
You closely miss the adder.
The adder is heavily wounded.
The adder barely misses you.
You miss the adder.
The adder is heavily wounded.
The adder bites you but does no damage. The adder bites you.
You are poisoned.
The adder poisons you!
You hit the adder.
The adder is almost dead.
You feel sick. The adder bites you.
* * * LOW HITPOINT WARNING * * *
You are lethally poisoned!
The adder poisons you! The adder closely misses you.
You hit the adder.
You kill the adder!
* * * LOW HITPOINT WARNING * * *
You feel sick.
Your Transmutations skill increases to level 1!
It was a potion of attraction.
You feel attractive to monsters.
* * * LOW HITPOINT WARNING * * *
You feel sick. The rat barely misses you.
You barely miss the rat.
* * * LOW HITPOINT WARNING * * *
You feel sick. The rat closely misses you.
You closely miss the rat.
* * * LOW HITPOINT WARNING * * *
You feel sick. The rat bites you.
You die...

..........## ...........#
...........# ..........<#
...........# #.
..........$#....
................
.........####################
...........r@................
..#.....#..#..#..#..#..#..#..
#.....#......................
....#.#....#..#..#..#..#..#..
.......#.....................
.#..#....####################
...##.### #. ... ....


You could see a rat.

Vanquished Creatures
  An adder (D:2)
  3 endoplasms
  A giant cockroach (D:1)
  A goblin (D:1)
  A hobgoblin (D:2)
  A frilled lizard (D:1)
  3 kobolds (D:1)
  A rat (D:1)
12 creatures vanquished.

Notes
Turn   | Place    | Note
-------+----------+-------------------------------------------
     0 | D:1      | gelatine the Demonspawn Venom Mage began the quest for the
                  | Orb.
     0 | D:1      | Reached XP level 1. HP: 13/13 MP: 3/3
   313 | D:1      | Gained mutation: You regenerate a little health from kills.
                  | [demonic ancestry]
   313 | D:1      | Reached XP level 2. HP: 19/19 MP: 1/5
   724 | D:1      | You fall into a shaft and drop 1 floor!
   728 | D:2      | Learned a level 2 spell: Poisonous Vapours
   786 | D:2      | Reached skill level 1 in Transmutations
   788 | D:2      | HP: 1/20 [poisoned by an adder]
   788 | D:2      | Slain by a rat

Illustrated notes

Levels and vault maps discovered:
D:1:      dpeg_arrival_simpleton_a, layout_basic,
          shapermc_ecumenical_altar_starsandcircs, grunt_decor_junction,
          grunt_decor_arrowhead
D:2:      layout_rooms, serial_shops, shop, columned_hall_lemuel,
          uniq_crazy_yiuf_cottage

Skill      XL: |  1  2 |
---------------+-------+-----
Transmutations | 1 |  1.0
Fighting       | |  0.3
Axes           | |  0.2
Dodging        | |  1.9
Stealth        | |  1.9
Spellcasting   | |  2.1
Poison Magic   | |  3.5

Action                     || total
---------------------------++-------
  Melee: Hand axe          ||    25
   Cast: Sting             ||    18
         Poisonous Vapours ||     1
    Use: Potion            ||     1
 Armour: Robe              ||     5
  Dodge: Dodged            ||    14

Table legend: (Time is in decaauts)
 A = Elapsed time spent in this place.
 B = Non-inter-level travel time spent in this place.
 C = Inter-level travel time spent in this place.
 D = Time resting spent in this place.
 E = Time spent auto-exploring this place.
 F = Levels seen in this place.
 G = Mean time per level.
                   A        B        C        D        E       F      G
               +--------+--------+--------+--------+--------+-----+--------+
         Total |    794 |    794 |      0 |      0 |    646 |   2 |  397.0 |
       Dungeon |    794 |    794 |      0 |      0 |    646 |   2 |  397.0 |
               +--------+--------+--------+--------+--------+-----+--------+

Top non-repeatable levels by time:
     D:1: 726 daAuts
     D:2: 67 daAuts
